 Dungeon Crawl Stone Soup version 0.25-a0-110-ge29c8f2358 (webtiles) character file.

Game seed: 15927769411644284335, levelgen mode: deterministic

1056 vurker the Chopper (level 8, -1/64 HPs)
             Began as a Formicid Abyssal Knight on Nov 19, 2019.
             Was a Priest of Lugonu.
             Killed by divine providence
             ... invoked by an orc priest
              (11 damage)
             ... on level 7 of the Dungeon.
             The game lasted 00:07:12 (4239 turns).

vurker the Chopper (Formicid Abyssal Knight)        Turns: 4239, Time: 00:07:12

Health: -1/64      AC: 10    Str: 25    XL:     8   Next: 51%
Magic:  5/12       EV:  5    Int: 11    God:    Lugonu [***...]
Gold:   200        SH: 15    Dex: 10    Spells: 7/7 levels left

rFire    . . .     SeeInvis +   r - +0 war axe
rCold    . . .     Gourm    .   j - +0 large shield
rNeg     . . .     Faith    .   i - +0 chain mail {rPois}
rPois    +         Spirit   .   (helmet unavailable)
rElec    .         Reflect  .   (no cloak)
rCorr    .         Harm     .   m - +0 pair of gloves
MR       .....                  n - +0 pair of boots
Stlth    ..........             (no amulet)
HPRegen  0.20/turn              (no ring)
MPRegen  0.13/turn              (no ring)

@: mighty
A: permanent stasis, dig shafts and tunnels, four strong arms, antennae 3
a: Dig, Shaft Self, Depart the Abyss, Bend Space, Banish, Renounce Religion


You were on level 7 of the Dungeon.
You worshipped Lugonu.
Lugonu was most pleased with you.
You were hungry.

You visited 1 branch of the dungeon, and saw 7 of its levels.
You visited the Abyss 1 time.

You collected 200 gold pieces.

Inventory:

Hand Weapons
 r - a +0 war axe (weapon)
   (You took it off an orc on level 4 of the Dungeon)
Missiles
 a - a throwing net (quivered)
Armour
 i - a +0 chain mail of poison resistance (worn)
   (You found it on level 2 of the Dungeon)
 j - a +0 large shield (worn)
   (You found it on level 2 of the Dungeon)
 m - a +0 pair of gloves (worn)
   (You found it on level 2 of the Dungeon)
 n - a +0 pair of boots (worn)
   (You found it on level 2 of the Dungeon)
Jewellery
 o - an uncursed amulet of magic regeneration
   (You took it off an orc on level 3 of the Dungeon)
Wands
 b - a wand of enslavement (5)
   (You found it on level 5 of the Dungeon)
Scrolls
 c - a scroll of noise {unknown}
 d - 2 scrolls of identify
 f - 3 scrolls of remove curse
 q - a scroll of fog
Potions
 g - 2 potions of heal wounds
 h - a potion of might
 k - 2 potions of curing
 l - 3 potions of lignification
 p - a potion of invisibility
Comestibles
 e - 7 rations


   Skills:
 + Level 5.7 Fighting
 * Level 6.3 Axes
 - Level 2.1 Armour
 - Level 0.8 Dodging
 + Level 4.4 Shields
 + Level 5.4 Invocations


You had 7 spell levels left.
You didn't know any spells.
Your spell library was empty.

Dungeon Overview and Level Annotations

Branches:
Dungeon (6/15)             Temple (0/1) D:6

Altars:
Dithmenos
Hepliaklqana


Innate Abilities, Weirdness & Mutations

You cannot be hasted, slowed, berserked, paralysed or teleported.
You can dig through walls and to a lower floor.
Your four strong arms can wield two-handed weapons with a shield.
You have a pair of large antennae on your head. (SInv)


Message History

The orc priest looks braver for a moment.
You slice the adder!!
You kill the adder!
Lugonu accepts your kill.
You slash the worker ant!
Your shield and chain mail prevent you from hitting the orc warrior.
You slash the centaur!
You kill the centaur!
Lugonu accepts your kill.
You can now corrupt the fabric of space.
You block the worker ant's attack. You block the orc warrior's attack.
The worker ant completely misses you.
An ogre comes into view. It is wielding a +0 giant club.
The ogre shouts!
Found a scroll labeled YSHAWK NOCZEIF and 10 gold pieces.
The howler monkey barely misses you.
Found 13 sling bullets.
You block the orc's attack.
You see here a scroll labeled YSHAWK NOCZEIF.
c - a scroll labeled YSHAWK NOCZEIF You block the howler monkey's attack.
The howler monkey hits you but does no damage.
You block the orc's attack.
A bullfrog comes into view.
The orc throws a stone.
The stone barely misses you.
You see here a stone.
The howler monkey hoots and howls with incredible vigour!
You hear a croak.
You hear a shout!
You hear an angry hiss.
You hear a shout! x2
A worker ant comes into view.
Found a potion of might.
You see here 10 gold pieces.
Found a flail.
You block the bullfrog's attack.
Aim: a bullfrog (chance to defeat MR: 83%)
The bullfrog barely resists.
You feel somewhat more hungry.
You can no longer corrupt the fabric of space.
You block the bullfrog's attack.
The howler monkey hoots and howls with incredible vigour!
You block the bullfrog's attack.
The worker ant waves its antennae.
You hear a bark!
You hear a shout!
Aim: a bullfrog (chance to defeat MR: 83%)
You fail to use your ability.
A howler monkey opens the door.
A bullfrog skeleton comes into view.
The bullfrog hits you but does no damage.
An orc warrior comes into view. It is wielding a +0 flail.
Found 2 bubbling yellow potions.
The orc priest calls down the wrath of Beogh upon you.
Beogh smites you!
You die...

{ #. ###O ## # ...### ..
.# .###..{# # a# .#
....#ยง{# )#.# ..#
#.#o#####..## #..#
....#{#{o#...# .#...####
###s.#{##o##a###.#.....#
#...s#{.#.osahF@......#
......o###.###'###.....#
.##.## !..#P.. ....#
.#.# ##..#.## ...# #.#
##.#.#! ..# .. ..#.#Z .#
#.#P.. # #.####


You could see an orc warrior, a bullfrog, a howler monkey, 2 worker ants, an orc
priest and a giant cockroach.

Vanquished Creatures
  2 sky beasts (D:5)
  A phantom (D:5)
  A necrophage (D:5)
  A centaur (D:7)
  A big kobold (D:5)
  A scorpion (D:4)
  A howler monkey (D:5)
  2 crimson imps
  A centaur zombie (D:5)
  A hound (D:5)
  A jelly (D:7)
  2 centaur skeletons
  An orc wizard (D:2)
  A worker ant (D:5)
  4 adders
  An adder zombie (D:5)
  2 worms (D:2)
  A dart slug (D:2)
  7 leopard geckos
  8 orcs
  3 giant cockroaches
  6 goblins
  10 hobgoblins
  6 jackals
  11 kobolds
  A quokka (D:5)
  12 bats
  8 frilled lizards
  A leopard gecko skeleton (D:4)
  A quokka zombie (D:5)
  8 rats
107 creatures vanquished.

Vanquished Creatures (others)
  A bullfrog (D:7)
1 creature vanquished.

Grand Total: 108 creatures vanquished

Notes
Turn   | Place    | Note
-------+----------+-------------------------------------------
     0 | Abyss:1  | vurker the Formicid Abyssal Knight began the quest for the
                  | Orb.
     0 | Abyss:1  | Reached XP level 1. HP: 18/18 MP: 2/2
     0 | Abyss:1  | Found a corrupted altar of Lugonu.
    41 | D:1      | Escaped the Abyss
   122 | D:1      | Reached XP level 2. HP: 24/24 MP: 3/3
   468 | D:1      | Reached XP level 3. HP: 24/29 MP: 4/4
   551 | D:1      | Reached ** piety under Lugonu
   979 | D:2      | Reached skill level 3 in Axes
  1223 | D:2      | Reached XP level 4. HP: 37/37 MP: 6/6
  1555 | D:2      | Reached skill level 1 in Shields
  1820 | D:2      | Reached XP level 5. HP: 37/42 MP: 7/7
  1889 | D:3      | Reached *** piety under Lugonu
  2948 | D:4      | Reached skill level 4 in Axes
  2973 | D:4      | Reached XP level 6. HP: 35/49 MP: 8/8
  3317 | D:5      | Entered Level 5 of the Dungeon
  3317 | D:5      | Noticed a necrophage
  3329 | D:5      | Killed a necrophage
  3331 | D:5      | Reached XP level 7. HP: 42/55 MP: 8/10
  3347 | D:5      | Reached skill level 5 in Axes
  3482 | D:5      | Reached skill level 5 in Fighting
  3555 | D:5      | Found a shadowy altar of Dithmenos.
  3691 | D:5      | Reached XP level 8. HP: 55/62 MP: 11/11
  3799 | D:5      | Reached skill level 5 in Invocations
  4016 | D:5      | Found a hazy altar of Hepliaklqana.
  4126 | D:6      | Reached **** piety under Lugonu
  4126 | D:6      | Reached skill level 6 in Axes
  4136 | D:6      | Found a staircase to the Ecumenical Temple.
  4213 | D:6      | You fall into a shaft and drop 1 floor!
  4239 | D:7      | Killed from afar by an orc priest

Levels and vault maps discovered:
D:1:      lordsloth_arrival_two_stooges, layout_rooms
D:2:      layout_basic
D:3:      layout_basic, serial_rivers, chequers_serial_rivers_large_a,
          chequers_serial_rivers_micro_a, chequers_serial_rivers_micro_e,
          chequers_serial_rivers_small_a, first_ration, serial_bayou_pond_b
D:4:      layout_rooms
D:5:      layout_basic, marbit_many_paths, grunt_dithmenos_smoke
D:6:      layout_loops_ring, minmay_temple_entry_statues_fountains,
          kennysheep_pointless_box, grunt_gozag_statues
D:7:      minmay_bubble_buster, layout_gridville, serial_shops, shop_fountains,
          minmay_shattered_shrine

Skill      XL: |  1  2  3  4  5  6  7  8 |
---------------+-------------------------+-----
Axes           | 3 4 5 6 |  6.3
Invocations    | 3 4 5 |  5.4
Shields        | 1 2 3 4 |  4.4
Fighting       | 4 5 |  5.7
Armour         | |  2.1
Dodging        | |  0.8

Action                   |  1- 3 |  4- 6 |  7- 9 || total
-------------------------+-------+-------+-------++-------
Melee: Hand axe          |   111 |   197 |       ||   308
       War axe           |       |    24 |   101 ||   125
Invok: Banish            |       |       |     2 ||     2
  Use: Scroll            |       |     9 |     1 ||    10
       Potion            |       |       |     1 ||     1
  Eat: Chunk             |     1 |     7 |     3 ||    11
Armor: Leather armour    |    19 |       |       ||    19
       Chain mail        |    39 |   158 |    64 ||   261
Dodge: Dodged            |    57 |    22 |    17 ||    96
Block: Large shield      |    20 |   174 |   100 ||   294

Table legend:
 A = Non-vault XP
 B = Vault XP
 C = Vault XP percentage of total XP
 D = Non-vault monster count
 E = Vault monster count
 F = Vault count percentage of total count
                 A         B        C        D         E       F
            +---------+---------+-------+---------+---------+-------
      Total |    1273 |     236 |  15.6 |     102 |       6 |   5.6
            +---------+---------+-------+---------+---------+-------
        D:1 |      44 |       0 |   0.0 |      27 |       0 |   0.0
        D:2 |     100 |       0 |   0.0 |      26 |       0 |   0.0
        D:3 |      55 |       4 |   6.8 |      21 |       2 |   8.7
        D:4 |     169 |       0 |   0.0 |       8 |       0 |   0.0
        D:5 |     812 |      41 |   4.8 |      18 |       1 |   5.3
        D:6 |      50 |       0 |   0.0 |       1 |       0 |   0.0
        D:7 |      43 |     191 |  81.6 |       1 |       3 |  75.0
            +---------+---------+-------+---------+---------+-------
